 Dungeon Crawl Stone Soup version 0.30.0-29-ga12c61a403 (webtiles) character file.

Game seed: 8776838831905386996

6911 Descartes the Blocker (level 11, -9/79 HPs)
             Began as a Formicid Fighter on June 13, 2023.
             Was an Initiate of Gozag.
             Mangled by a komodo dragon (18 damage)
             ... on level 1 of the Lair of Beasts.
             The game lasted 00:13:44 (11150 turns).

Descartes the Blocker (Formicid Fighter)           Turns: 11150, Time: 00:13:45

Health: -9/79      AC: 12    Str: 25    XL:     11   Next: 27%
Magic:  18/18      EV: 13    Int:  8    God:    Gozag
Gold:   932        SH:  6    Dex: 13    Spells: 20/20 levels left

rFire   . . .        D - +2 dire flail (drain)
rCold   . . .        c - +0 buckler
rNeg    . . .        K - +2 steam dragon scales
rPois   .            (helmet unavailable)
rElec   .            N - +0 cloak
rCorr   .            J - +0 pair of gloves
SInv    +            w - +0 pair of boots
Will    +....        (no amulet)
Stlth   +            (no ring)
HPRegen 0.33/turn    (no ring)
MPRegen 0.16/turn

%: no passive effects
@: no status effects
A: permanent stasis, dig shafts and tunnels, antennae 3, four strong arms
a: Dig, Shaft Self, Renounce Religion, Potion Petition, Call Merchant, Bribe
Branch


You were on level 1 of the Lair of Beasts.
You worshipped Gozag.
Gozag was pleased with you.
You visited 3 branches of the dungeon, and saw 11 of its levels.

You collected 1060 gold pieces.
You paid 128 gold pieces to Gozag.

Inventory:

Hand Weapons
 a - a +0 war axe
 D - a +2 dire flail of draining (weapon)
 V - a +2 hand axe of electrocution
Missiles
 k - 7 poisoned darts
 x - 2 silver javelins
 A - 9 atropa-tipped darts
 I - 2 throwing nets
Armour
 c - a +0 buckler (worn)
 r - the +0 leather armour of Poor Excuses {Int+5}
   (You found it on level 3 of the Dungeon)

   Int:       It affects your intelligence (+5).
 w - a +0 pair of boots (worn)
 y - a +0 chain mail
 J - a +0 pair of gloves (worn)
 K - +2 steam dragon scales (worn)
 N - a +0 cloak (worn)
 R - a +1 robe of resistance
 U - a +0 plate armour
Jewellery
 s - an amulet of reflection
 T - a +6 ring of dexterity
Wands
 o - a wand of quicksilver (10)
 F - a wand of charming (8)
 H - a wand of digging (4)
 O - a wand of flame (20)
Scrolls
 b - a scroll of brand weapon {unknown}
 d - a scroll of blinking {unknown}
 e - 5 scrolls of fear {unknown}
 f - a scroll of noise {unknown}
 i - a scroll of summoning {unknown}
 j - 5 scrolls of teleportation {unknown}
 p - a scroll of amnesia {unknown}
 q - 4 scrolls of identify {unknown}
 u - 2 scrolls of silence {unknown}
 v - 2 scrolls of poison {unknown}
 z - a scroll of vulnerability {unknown}
 E - 2 scrolls of magic mapping {unknown}
 G - a scroll of enchant weapon {unknown}
 L - a scroll of acquirement {unknown}
 Q - a scroll of immolation {unknown}
 W - a scroll of enchant armour {unknown}
Potions
 g - 2 potions of cancellation {unknown}
 h - a potion of magic {unknown}
 l - 3 potions of attraction
 m - 7 potions of curing {unknown}
 n - a potion of mutation {unknown}
 t - a potion of flight {unknown}
 B - a potion of invisibility {unknown}
 C - 2 potions of lignification {unknown}
 M - 2 potions of brilliance {unknown}
 P - a potion of degeneration {unknown}
 S - a potion of haste {unknown}
 X - 2 potions of heal wounds


   Skills:
 - Level 5.0 Fighting
 + Level 6.7(7.6) Axes
 + Level 5.4(7.0) Maces & Flails
 + Level 7.7 Armour
 + Level 4.3 Dodging
 + Level 9.3 Shields
 - Level 5.0 Spellcasting
 + Level 5.4 Translocations
 - Level 5.0 Evocations


You had 20 spell levels left.
You didn't know any spells.
Your spell library contained the following spells:

 Spells                   Type           Power      Damage    Failure   Level
 Foxfire                  Conj/Fire      8%         2x1d4     28%         1
 Sting                    Tmut/Pois      8%         1d3       28%         1
 Portal Projectile        Hex/Tloc       12%        N/A       28%         3
 Passage of Golubria      Tloc           10%        N/A       30%         4
 Poisonous Vapours        Pois/Air       4%         N/A       41%         2
 Summon Guardian Golem    Hex/Summ       2%         N/A       65%         3
 Tukima's Dance           Hex            2%         N/A       65%         3
 Animate Armour           Summ/Erth      4%         N/A       96%         4
 Olgreb's Toxic Radiance  Pois           2%         N/A       96%         4
 Blade Hands              Tmut           1%         N/A       100%        5
 Fireball                 Conj/Fire      1%         3d3       100%        5
 Yara's Violent Unravell  Hex/Tmut       1%         3d3       100%        5
 Iron Shot                Conj/Erth      1%         9d1       100%        6
 Plasma Beam              Fire/Air       1%         2x1d12    100%        6
 Starburst                Conj/Fire      1%         6d3       100%        6
 Orb of Destruction       Conj           1%         9d5       100%        7
 Spellforged Servitor     Conj/Summ      1%         N/A       100%        7


Dungeon Overview and Level Annotations

Branches:
Dungeon (9/15)             Temple (1/1) D:6            Lair (1/5) D:8
    Orc: D:9-12

Altars:
Ashenzari
Cheibriados
Dithmenos
Elyvilon
Fedhas
Gozag
Hepliaklqana
Kikubaaqudgha
Makhleb
Nemelex Xobeh
Okawaru
Qazlal
Ru
Sif Muna
Trog
Uskayaw
Vehumet
Wu Jian
Xom
Yredelemnul
Zin
The Shining One

Shops:
D:1 (   D:2 *


Innate Abilities, Weirdness & Mutations

You cannot be hasted, slowed, berserked, paralysed or teleported.
You can dig through walls and to a lower floor.
You have a pair of large antennae on your head. (SInv)
Your four strong arms can wield two-handed weapons with a shield.


Message History

The yak is heavily wounded.
The yak gores you but does no damage.
You closely miss the yak.
The yak is heavily wounded.
The yak gores you but does no damage.
You puncture the yak!
The yak is severely wounded.
The yak seems less drained.
The yak closely misses you.
You barely miss the yak.
The yak is severely wounded.
The yak gores you.
You puncture the yak!
You kill the yak!
The komodo dragon is distracted by your dazzling golden aura.
You barely miss the yak.
The komodo dragon hisses angrily.
The komodo dragon is no longer distracted by gold.
You block the yak's attack.
You hit the yak but do no damage. You drain the yak.
The yak is lightly wounded.
You closely miss the yak.
The yak is lightly wounded.
The yak gores you!
* * * LOW HITPOINT WARNING * * *
You hit the yak. You drain the yak.
The yak is moderately wounded.
The yak gores you!
* * * LOW HITPOINT WARNING * * *
The yak attacks as you move away! The yak gores you!
* * * LOW HITPOINT WARNING * * *
You hit the yak but do no damage.
The yak is lightly wounded.
The yak closely misses you.
You barely miss the yak.
The yak is lightly wounded.
The yak gores you.
* * * LOW HITPOINT WARNING * * *
The komodo dragon bites you!!
You die...
Your body crumbles into a pile of gold.

#... ##...#..h.# #. #..#
#...+...... #.# ...#
#..#8.[... #.# #..#
#......... #.## #..#
#...#..... #.P###..#
#....#...# #.......#####
#....##...
##.......##l.#####.....##..
#.........@YY..$$.......##.
##.....#.###.####........##
#.....### ### ##.....+...#
#.....# #P.....#....
#.....## ##......##.#
#.....P# #..........
#.....## #.....#####
#.....# #.....# #.....####
####.....##


You could see a komodo dragon and 2 yaks.

Vanquished Creatures
  A centaur warrior (D:8)
  Pikel (D:8)
  A black mamba (Lair:1)
  An elephant (D:8)
  Maggie (D:6)
  Prince Ribbit (D:7)
  4 blink frogs
  A wyvern (D:8)
  4 yaks
  Eustachio (D:6)
  A water moccasin (Lair:1)
  An acid dragon (D:8)
  Edmund (D:4)
  2 orc warriors
  2 sky beasts
  3 black bears
  2 centaurs (D:8)
  A lemure (D:8)
  7 gnoll sergeants
  4 bullfrogs
  3 scorpions (D:6)
  8 killer bees
  A howler monkey (D:6)
  2 electric eels (D:7)
  3 jellies
  4 hounds
  3 orc priests
  2 gnoll boudas (D:8)
  A sleepcap (D:4)
  3 iguanas
  An orc wizard (D:8)
  12 gnolls
  4 adders
  2 white imps (D:8)
  A worm (D:2)
  A dart slug (D:3)
  21 orcs
  5 endoplasms
  A giant cockroach (D:2)
  5 goblins
  5 hobgoblins
  2 jackals (D:1)
  4 kobolds
  2 quokkas
  7 ball pythons
  2 bats (D:1)
  3 frilled lizards (D:2)
  6 rats
154 creatures vanquished.

Notes
Turn   | Place    | Note
-------+----------+-------------------------------------------
     0 | D:1      | Descartes the Formicid Fighter began the quest for the Orb.
     0 | D:1      | Reached XP level 1. HP: 18/18 MP: 1/1
   293 | D:1      | Reached XP level 2. HP: 24/24 MP: 2/2
   644 | D:1      | Found Qorocuig's Antique Weapon Shop.
   798 | D:1      | Reached XP level 3. HP: 29/29 MP: 3/3
   938 | D:2      | You fall into a shaft and drop 1 floor!
  1506 | D:2      | Found Paxoepuy's General Store.
  1601 | D:2      | Reached XP level 4. HP: 37/37 MP: 4/4
  2192 | D:3      | Found a stormy altar of Qazlal.
  2193 | D:3      | Found a glowing golden altar of the Shining One.
  2197 | D:3      | Identified the +0 leather armour of Poor Excuses {Int+5}
  2396 | D:3      | Found a faded altar of an unknown god.
  2834 | D:4      | Found a basalt altar of Yredelemnul.
  2869 | D:4      | Reached XP level 5. HP: 15/42 MP: 4/6
  3624 | D:5      | Entered Level 5 of the Dungeon
  3682 | D:5      | Reached skill level 1 in Spellcasting
  3682 | D:5      | Reached skill level 1 in Translocations
  3682 | D:5      | Reached skill level 1 in Evocations
  3815 | D:5      | Reached skill level 5 in Shields
  3815 | D:5      | Reached XP level 6. HP: 42/48 MP: 7/7
  4242 | D:5      | Noticed Edmund
  4269 | D:4      | Killed Edmund
  4554 | D:5      | Found a blossoming altar of Fedhas.
  4684 | D:6      | Reached XP level 7. HP: 54/55 MP: 9/9
  4806 | D:6      | Noticed Maggie
  4885 | D:6      | Killed Maggie
  4886 | D:6      | Reached skill level 1 in Maces & Flails
  4886 | D:6      | Reached XP level 8. HP: 37/61 MP: 11/11
  5007 | D:6      | Found a hide-covered altar of Uskayaw.
  5091 | D:6      | Found a sparkling altar of Nemelex Xobeh.
  5166 | D:6      | Reached skill level 5 in Fighting
  5172 | D:6      | Reached skill level 5 in Armour
  5172 | D:6      | Found a staircase to the Ecumenical Temple.
  5181 | Temple   | Entered the Ecumenical Temple
  5336 | Temple   | Became a worshipper of Gozag Ym Sagoz the Greedy
  5364 | D:6      | Reached skill level 6 in Shields
  5704 | D:6      | Noticed Eustachio
  5732 | D:6      | HP: 1/62 [poisoned by a killer bee]
  5750 | D:6      | Killed Eustachio
  6480 | D:7      | Reached XP level 9. HP: 55/68 MP: 12/14
  6521 | D:7      | Reached skill level 1 in Dodging
  6951 | D:7      | Noticed Prince Ribbit
  6958 | D:7      | Killed Prince Ribbit
  7007 | D:7      | Reached skill level 7 in Shields
  8044 | D:8      | Reached skill level 5 in Axes
  8155 | D:8      | Found a staircase to the Lair.
  8155 | D:8      | Noticed an elephant
  8173 | D:8      | Reached XP level 10. HP: 65/74 MP: 16/16
  8176 | D:8      | Killed an elephant
  8471 | D:8      | Noticed Pikel
  8503 | D:8      | Killed Pikel
  8504 | D:8      | Reached skill level 8 in Shields
  8504 | D:8      | Reached skill level 5 in Evocations
  9355 | D:8      | Found the +5 woodcutter's axe
  9558 | D:7      | Reached skill level 5 in Spellcasting
  9974 | D:9      | Noticed a centaur warrior
  9974 | D:9      | Noticed a fire dragon
 10033 | D:8      | Killed a centaur warrior
 10236 | Lair:1   | Entered Level 1 of the Lair of Beasts
 10269 | Lair:1   | Noticed a black mamba
 10277 | Lair:1   | Killed a black mamba
 10391 | Lair:1   | Reached skill level 5 in Maces & Flails
 10391 | Lair:1   | Reached XP level 11. HP: 79/79 MP: 18/18
 10401 | Lair:1   | Reached skill level 5 in Translocations
 10766 | Lair:1   | Reached skill level 9 in Shields
 11150 | Lair:1   | Mangled by a komodo dragon

Illustrated notes

Levels and vault maps discovered:
D:1:      dpeg_arrival_orchard, layout_loops_corners, serial_shops, shop,
          minmay_gold_behind_fungi, minmay_parallelograms
D:2:      layout_basic, serial_shops, nicolae_shop_tiny_statue_garden,
          dk_vineyard_1, minmay_randomly_rotated_circles
D:3:      layout_loops_cross, gammafunk_temple_overflow_pools,
          shapermc_ecumenical_altar_mp_vishouse, corner_web_ring
D:4:      layout_basic, mainiacjoe_overflow_24_doors, kennysheep_small_spiral
D:5:      layout_loops_ring, mainiacjoe_overflow_chevrons, columned_hall_lemuel,
          water_boxes_lemuel, uniq_edmund
D:6:      layout_loops_corners, mainiacjoe_overflow_small_starburst,
          kennysheep_little_box, minmay_temple_entry_statues_pillars,
          amethyst_killhole, uniq_maggie, uniq_eustachio
D:7:      layout_rooms, grunt_decor_resistance, minivault_14,
          uniq_prince_ribbit1
D:8:      layout_loops_corners, david_lair_generic,
          pf_guarded_unrand_woodcutter, uniq_pikel
D:9:      layout_loops_corners, nicolae_rejected_hall
Temple:   eino_temple_rhombus
Lair:1:   layout_chaotic_city, grunt_megastairs_5, serial_bayou_shore_b,
          lemuel_fruit_tree

Skill      XL: |  1  2  3  4  5  6  7  8  9 10 11 |
---------------+----------------------------------+-----
Armour         | 4 5 6 7 |  7.7
Fighting       | 4 5 |  5.0
Spellcasting   | 1 2 3 4 5 |  5.0
Translocations | 1 2 3 4 5 |  5.4
Evocations     | 1 2 3 4 5 |  5.0
Axes           | 3 4 5 6 |  6.7
Shields        | 5 6 7 8 9 |  9.3
Maces & Flails | 1 2 3 5 |  5.4
Dodging        | 2 3 4 |  4.3

Action                     |  1- 3 |  4- 6 |  7- 9 | 10-12 || total
---------------------------+-------+-------+-------+-------++-------
  Melee: War axe           |    74 |    99 |       |       ||   173
         Dire flail        |       |     3 |   254 |   240 ||   497
Ability: Dig               |       |       |     1 |       ||     1
    Use: Potion            |       |     1 |     5 |       ||     6
   Stab: Distracted        |       |       |     1 |       ||     1
 Armour: Scale mail        |    41 |    30 |       |       ||    71
         Chain mail        |       |     6 |    15 |       ||    21
         Steam dragon scal |       |       |    93 |    85 ||   178
  Dodge: Dodged            |    33 |    44 |   171 |   126 ||   374
  Block: Buckler           |    18 |    20 |    88 |    82 ||   208
